 Dungeon Crawl Stone Soup version 0.29-a0-1052-g6990b1bffc (webtiles) character file.

Game seed: 1876283811841555735

193 Nedwor the Trooper (level 5, -6/42 HPs)
             Began as a Demonspawn Fighter on Aug 17, 2022.
             Killed by nerve-wracking pain
             ... invoked by Grinder
              (8 damage)
             ... on level 3 of the Dungeon.
             The game lasted 00:06:09 (2659 turns).

Nedwor the Trooper (Demonspawn Fighter)             Turns: 2659, Time: 00:06:09

Health: -6/42      AC: 10    Str: 17    XL:     5   Next: 44%
Magic:  5/5        EV:  7    Int:  9    God:
Gold:   178        SH:  9    Dex: 14    Spells: 4/4 levels left

rFire   . . .      SeeInvis .   a - +0 long sword
rCold   . . .      Faith    .   c - +0 buckler
rNeg    . . .      Spirit   .   j - +0 chain mail
rPois   .          Reflect  .   k - +0 helmet
rElec   .          Harm     .   (no cloak)
rCorr   .          Rampage  .   (no gloves)
Will    .....                   (no boots)
Stlth   ..........              m - amulet of regeneration
HPRegen 0.94/turn               (no ring)
MPRegen 0.09/turn               (no ring)

@: no status effects
A: large bone plates 1, demonic magic 1
a: no special abilities


You were on level 3 of the Dungeon.
You visited 1 branch of the dungeon, and saw 4 of its levels.

You collected 178 gold pieces.

Inventory:

Hand Weapons
 a - a +0 long sword (weapon)
 d - a +1 short sword of flaming
Missiles
 f - a throwing net (quivered)
Armour
 c - a +0 buckler (worn)
 j - a +0 chain mail (worn)
 k - a +0 helmet (worn)
Jewellery
 e - a ring of magical power
 m - an amulet of regeneration (around neck)
Scrolls
 h - 2 scrolls of teleportation {unknown}
 n - a scroll of summoning {unknown}
 q - a scroll of acquirement {unknown}
 r - a scroll of identify {unknown}
Potions
 b - a potion of resistance {unknown}
 g - a potion of haste {unknown}
 i - a potion of curing {unknown}
 l - a potion of ambrosia {unknown}
 o - a potion of degeneration {unknown}
 p - a potion of cancellation {unknown}


   Skills:
 + Level 3.6 Fighting
 * Level 3.3 Long Blades
 + Level 3.3 Armour
 + Level 1.6 Dodging
 + Level 3.3 Shields


You had 4 spell levels left.
You didn't know any spells.
Your spell library contained the following spells:

 Spells                   Type           Power      Damage    Failure   Level
 Stone Arrow              Conj/Erth      0%         3d7       100%        3
 Animate Armour           Summ/Erth      0%         N/A       100%        4
 Lehudib's Crystal Spear  Conj/Erth      0%         10d2      100%        8


Dungeon Overview and Level Annotations

Branches:
Dungeon (4/15)
 Temple: D:4-7

Altars:
Dithmenos

Shops:
D:2 *

Annotations:
D:3 Grinder


Innate Abilities, Weirdness & Mutations

You are partially covered in large bone plates. (SH +4)
Spells you cast may paralyse adjacent enemies.


Message History

Things that are here:
a +0 spear; a gnoll corpse
Found a shadowy altar of Dithmenos.
q - a scroll labelled IGIULE ODDIJAXYJ You now have 168 gold pieces (gained 12).
There is a shadowy altar of Dithmenos here.
h - 2 scrolls labelled RAZ BEFONKYTUBB (gained 1)
Found an escape hatch in the floor.
You hear the rusting of a very distant drain.
You now have 178 gold pieces (gained 10).
r - a scroll labelled ORYRRI WUMMAUF Grinder comes into view.
She is carrying a wand of flame (8).
Grinder shouts!
Grinder gestures at you.
You suddenly lose the ability to move!
Grinder gestures at you. Pain shoots through your body!
You can move again.
You slash Grinder!
Grinder is moderately wounded.
Grinder zaps a wand.
The puff of flame hits you.
Grinder zaps a wand.
The puff of flame hits you!
You barely miss Grinder.
Grinder is moderately wounded.
Grinder hits you but does no damage.
You hit Grinder.
Grinder is moderately wounded.
Grinder hits you.
You writhe in agony.
You hit Grinder.
Grinder is moderately wounded.
Grinder hits you!
You writhe in agony.
* * * LOW HITPOINT WARNING * * *
Grinder gestures at you. Pain shoots through your body!
* * * LOW HITPOINT WARNING * * *
You slash Grinder!
Grinder is heavily wounded.
Grinder gestures at you. Pain shoots through your body!
You die...

.... ... .# ... ##
#.#
###############.#
..§§..##........#
##.§_..#........#
###....#.>......#
###...........##
####........@#
...........5....#
.##........#####...
. #........#
#........#
#........#
##########


You could see Grinder.

Vanquished Creatures
  An orc priest (D:2)
  A gnoll bouda (D:4)
  5 gnolls
  3 adders
  5 orcs (D:2)
  4 ball pythons
  6 endoplasms
  3 giant cockroaches
  7 goblins
  4 hobgoblins
  2 quokkas (D:1)
  4 bats
  5 frilled lizards
  6 kobolds
  2 rats
58 creatures vanquished.

Notes
Turn   | Place    | Note
-------+----------+-------------------------------------------
     0 | D:1      | Nedwor the Demonspawn Fighter began the quest for the Orb.
     0 | D:1      | Reached XP level 1. HP: 18/18 MP: 1/1
   253 | D:1      | Gained mutation: You are partially covered in large bone
                  | plates. (SH +4) [demonic ancestry]
   253 | D:1      | Reached XP level 2. HP: 23/24 MP: 2/2
   278 | D:1      | Found a faded altar of an unknown god.
  1168 | D:2      | Reached XP level 3. HP: 24/29 MP: 3/3
  1499 | D:2      | Found Ubraqos's General Store.
  1667 | D:2      | Reached skill level 1 in Dodging
  1669 | D:2      | Reached XP level 4. HP: 12/35 MP: 4/4
  2565 | D:4      | Gained mutation: Spells you cast may paralyse adjacent
                  | enemies. [demonic ancestry]
  2565 | D:4      | Reached XP level 5. HP: 18/41 MP: 5/5
  2626 | D:3      | Found a shadowy altar of Dithmenos.
  2649 | D:3      | Noticed Grinder
  2649 | D:3      | Paralysed by Grinder for 5 turns
  2658 | D:3      | HP: 1/42 [Grinder/nerve-wracking pain (7)]
  2659 | D:3      | Killed from afar by Grinder

Illustrated notes

Levels and vault maps discovered:
D:1:      dpeg_arrival_tiny_i, layout_basic,
          shapermc_ecumenical_altar_hornbeckon
D:2:      cheibrodos_pilgrimage, layout_basic, serial_shops, nicolae_square_shop
D:3:      layout_rooms, kennysheep_ying_yang, nicolae_wu_jian_wuxing_cycle,
          grunt_dithmenos_smoke, lemuel_coloured_pillars_altar,
          overflow_temple_1_default, cheibrodos_sewer_entry_bend, uniq_grinder
D:4:      layout_basic, vehumet_statue, minmay_temple_entry_nine_rooms,
          nicolae_shop_gadgets, uniq_menkaure, uniq_duvessa, uniq_robin

Skill      XL: |  1  2  3  4 |
---------------+-------------+-----
Long Blades    | 2 3 |  3.3
Shields        | 3 |  3.3
Armour         | 3 |  3.3
Dodging        | 1 |  1.6
Fighting       | |  3.6

Action                   |  1- 3 |  4- 6 || total
-------------------------+-------+-------++-------
Melee: Long sword        |   123 |    81 ||   204
  Use: Scroll            |     1 |     1 ||     2
       Potion            |     1 |       ||     1
Armor: Scale mail        |    28 |       ||    28
       Chain mail        |    54 |    25 ||    79
Dodge: Dodged            |    60 |    23 ||    83
Block: Buckler           |    77 |    44 ||   121

Table legend: (Time is in decaauts)
 A = Elapsed time spent in this place.
 B = Non-inter-level travel time spent in this place.
 C = Inter-level travel time spent in this place.
 D = Time resting spent in this place.
 E = Time spent auto-exploring this place.
 F = Levels seen in this place.
 G = Mean time per level.
                   A        B        C        D        E       F      G
               +--------+--------+--------+--------+--------+-----+--------+
         Total |   2734 |   2675 |     59 |    236 |   1881 |   4 |  683.5 |
       Dungeon |   2734 |   2675 |     59 |    236 |   1881 |   4 |  683.5 |
               +--------+--------+--------+--------+--------+-----+--------+

Top non-repeatable levels by time:
     D:2: 1334 daAuts
     D:1: 1161 daAuts
     D:3: 139 daAuts
     D:4: 98 daAuts
